 Dungeon Crawl Stone Soup version 0.22.1-1-ga44c0e5 (webtiles) character file.

1918 brandon the Basher (level 8, -3/72 (73) HPs)
             Began as a Minotaur Berserker on Oct 1, 2018.
             Was an Elder of Trog.
             Shot with an arrow by a centaur (6 damage)
             ... on level 6 of the Dungeon.
             The game lasted 00:07:13 (3685 turns).

brandon the Basher (Minotaur Berserker)             Turns: 3685, Time: 00:07:14

HP:   -3/72 (73)    AC:  7    Str: 21    XL:     8   Next: 95%
MP:   7/7           EV: 13    Int:  4    God:    Trog [****..]
Gold: 143           SH:  0    Dex: 13    Spells: 7/7 levels left

rFire    . . .     SeeInvis .   t - +2 whip (flame)
rCold    . . .     Gourm    .   (no shield)
rNeg     . . .     Faith    .   d - +0 ring mail
rPois    .         Spirit   .   (helmet restricted)
rElec    .         Reflect  .   (no cloak)
rCorr    .         Harm     .   (no gloves)
MR       .....                  g - +0 pair of boots
Stlth    +.........             (no amulet)
HPRegen  0.22/turn              (no ring)
MPRegen  0.10/turn              (no ring)

@: no status effects
A: retaliatory headbutt, horns 2
a: Berserk, Trog's Hand, Brothers in Arms, Renounce Religion


You were on level 6 of the Dungeon.
You worshipped Trog.
Trog was greatly pleased with you.
You were not hungry.

You visited 1 branch of the dungeon, and saw 6 of its levels.

You collected 143 gold pieces.

Inventory:

Hand Weapons
 a - a +0 mace
 t - a +2 whip of flaming (weapon)
Missiles
 s - 7 exploding tomahawks (quivered)
Armour
 d - a +0 ring mail (worn)
 g - a +0 pair of boots (worn)
Wands
 j - a wand of paralysis (16)
Scrolls
 f - a scroll of blinking {unknown}
 i - 2 scrolls of fear {unknown}
 l - 3 scrolls of teleportation {unknown}
 m - 7 scrolls of identify {unknown}
 q - 4 scrolls of remove curse {unknown}
 r - a scroll of magic mapping {unknown}
Potions
 c - 2 potions of cancellation {unknown}
 e - 2 potions of flight {unknown}
 h - a potion of agility {unknown}
 k - a potion of might {unknown}
 n - a potion of ambrosia {unknown}
 o - a potion of curing {unknown}
 u - 2 potions of resistance {unknown}
Comestibles
 p - 2 rations


   Skills:
 + Level 7.0 Fighting
 + Level 9.4 Maces & Flails
 + Level 7.2 Armour
 + Level 5.2 Dodging
 + Level 1.9 Stealth


You had 7 spell levels left.
You didn't know any spells.
Your spell library was empty.

Dungeon Overview and Level Annotations

Branches:
Dungeon (6/15)             Temple (0/1) D:5

Altars:
Cheibriados
Hepliaklqana
Kikubaaqudgha
Uskayaw
The Shining One


Innate Abilities, Weirdness & Mutations

You reflexively headbutt those who attack you in melee.
You have a pair of horns on your head.


Message History

* * * LOW HITPOINT WARNING * * *
You closely miss the centaur. You headbutt the centaur.
The centaur is almost dead.
The centaur hits you.
* * * LOW HITPOINT WARNING * * *
You hit the centaur but do no damage.
The centaur is almost dead.
The centaur barely misses you.
The centaur shoots an arrow.
The arrow barely misses you.
You barely miss the centaur.
The centaur is almost dead.
The centaur hits you.
* * * LOW HITPOINT WARNING * * *
You barely miss the centaur. You headbutt the centaur.
You kill the centaur!
Trog accepts your kill.
The centaur shoots an arrow.
The arrow hits you.
* * * LOW HITPOINT WARNING * * *
The centaur shoots an arrow.
The arrow hits you.
You die...

#.#.#####.######.#.#
#>#.# #.# # #
#####.#.#####.######
#
..........)).........
####.#.#####.######.
#<(.......#
.######(######.#
.....(/(....##..
.#.(...(@.c.##..
#.....)....##...
#...............
#...........#..
#...........# .
#######.?#..# ##.#..#
=#..#


You could see a centaur.

Vanquished Creatures
  Pikel (D:5)
  A slave (D:5)
  An ogre (D:4)
  4 phantoms
  2 centaurs
  A bullfrog (D:5)
  A scorpion (D:4)
  The ghost of SaintRoka the Ruffian, a weakling NaWr (D:3)
  3 wights (D:6)
  A howler monkey (D:5)
  A crimson imp (D:5)
  A hound (D:5)
  A bullfrog zombie (D:5)
  2 orc wizards (D:4)
  An orc priest (D:4)
  Natasha (D:2)
  2 worker ants (D:4)
  Robin (D:2)
  10 adders
  3 gnolls (D:3)
  5 worms
  5 leopard geckos
  10 orcs
  4 giant cockroaches
  17 goblins
  7 hobgoblins
  7 jackals
  9 bats
  5 frilled lizards
  5 kobolds
  6 rats
119 creatures vanquished.

Vanquished Creatures (others)
  A necrophage (D:5)
  A slave (D:5)
  A scorpion (D:5)
  A jelly (D:5)
  An orc (D:5)
  A giant cockroach (D:5)
6 creatures vanquished.

Grand Total: 125 creatures vanquished

Notes
Turn   | Place    | Note
-------+----------+-------------------------------------------
     0 | D:1      | brandon the Minotaur Berserker began the quest for the Orb.
     0 | D:1      | Reached XP level 1. HP: 19/19 MP: 0/0
   263 | D:1      | Reached XP level 2. HP: 9/27 MP: 1/1
   265 | D:1      | Reached skill level 4 in Maces & Flails
   560 | D:1      | Reached ** piety under Trog
   601 | D:1      | Reached XP level 3. HP: 30/33 MP: 2/2
   825 | D:2      | Found a snail-covered altar of Cheibriados.
   923 | D:2      | Reached XP level 4. HP: 39/41 MP: 3/3
   973 | D:2      | Noticed Natasha
   974 | D:2      | Found a hide-covered altar of Uskayaw.
   984 | D:2      | Killed Natasha
   984 | D:2      | Reached skill level 5 in Maces & Flails
  1148 | D:2      | Noticed Robin
  1160 | D:2      | Killed Robin
  1225 | D:2      | Reached *** piety under Trog
  1293 | D:2      | Found a hazy altar of Hepliaklqana.
  1332 | D:2      | Reached XP level 5. HP: 47/47 MP: 4/4
  1360 | D:2      | Found an ancient bone altar of Kikubaaqudgha.
  2125 | D:3      | Found a runed door.
  2134 | D:3      | Noticed SaintRoka's ghost (weakling NaWr)
  2145 | D:3      | Reached skill level 5 in Fighting
  2155 | D:3      | Killed SaintRoka's ghost
  2155 | D:3      | Reached XP level 6. HP: 56/56 MP: 5/5
  2398 | D:4      | Reached skill level 6 in Maces & Flails
  2572 | D:4      | Reached XP level 7. HP: 61/61 MP: 6/6
  2575 | D:4      | Received a gift from Trog
  2575 | D:4      | Reached skill level 1 in Stealth
  2601 | D:4      | Reached skill level 7 in Maces & Flails
  2601 | D:4      | Reached skill level 5 in Armour
  2674 | D:4      | Reached **** piety under Trog
  2896 | D:5      | Entered Level 5 of the Dungeon
  2901 | D:5      | Found a staircase to the Ecumenical Temple.
  2901 | D:5      | Noticed Pikel
  2918 | D:5      | Killed Pikel
  2918 | D:5      | Reached skill level 8 in Maces & Flails
  2918 | D:5      | Reached XP level 8. HP: 70/70 MP: 7/7
  3461 | D:5      | Reached skill level 9 in Maces & Flails
  3461 | D:5      | Reached skill level 5 in Dodging
  3469 | D:5      | Found a glowing golden altar of the Shining One.
  3684 | D:6      | HP: 2/72 [centaur/arrow (5)]
  3685 | D:6      | Shot with an arrow by a centaur

Skill      XL: |  1  2  3  4  5  6  7  8 |
---------------+-------------------------+-----
Maces & Flails | 4 5 6 8 9 |  9.4
Fighting       | 4 5 6 7 |  7.0
Dodging        | 3 4 5 |  5.2
Armour         | 3 4 6 7 |  7.2
Stealth        | 1 |  1.9

Action                   |  1- 3 |  4- 6 |  7- 9 || total
-------------------------+-------+-------+-------++-------
Melee: Mace              |    80 |   124 |    52 ||   256
       Headbutt          |     7 |    29 |    26 ||    62
       Whip              |       |       |    67 ||    67
Invok: Berserk           |       |     4 |     2 ||     6
  Eat: Chunk             |       |     5 |       ||     5
       Ration            |       |     1 |     2 ||     3
Armor: Animal skin       |     6 |       |       ||     6
       Ring mail         |    28 |    55 |    31 ||   114
Dodge: Dodged            |    67 |    68 |    67 ||   202
